[Event "Titled Tuesday Blitz October 5 2021"]
[White "Babazada, Khazar"]
[Black "Yakubboev, Nodirbek"]
[WhiteFideId "13413554"]
[BlackFideId "14203987"]
[WhiteElo "2302"]
[BlackElo "2464"]
[Result "1-0"]
[Round "10"]
[TimeControl "180+1"]
[Date "2021.10.05"]
[WhiteClock "0:00:10"]
[BlackClock "0:00:03"]

1. e4 e5 2. Nf3 Nc6 3. Bb5 Nf6 4. O-O Nxe4 5. d4 Nd6 6. dxe5 Nxb5 7. a4 Nbd4 8. Nxd4 d6 9. Nxc6 bxc6 10. Qf3 dxe5 11. Qxc6+ Bd7 12. Qe4 Bd6 13. Nc3 O-O 14. Be3 a6 15. Rfd1 Rb8 16. b3 Kh8 17. Qc4 Qc8 18. Ne4 Bb4 19. Bc5 Be6 20. Qe2 Re8 21. Bxb4 Rxb4 22. Nc5 a5 23. Rd2 Bg4 24. f3 Bf5 25. Rad1 h5 26. Qe3 f6 27. Rd5 Qa8 28. Qf2 Kh7 29. Nd7 Bxd7 30. Rxd7 Qc6 31. R1d2 h4 32. Qa7 Qb6+ 33. Qxb6 cxb6 34. Rb7 Kg6 35. Rdd7 Rg8 36. Kf2 Kf5 37. Ke3 Rc8 38. Rbc7 Rxc7 39. Rxc7 g5 40. g3 hxg3 41. hxg3 g4 42. fxg4+ Rxg4 43. Kf3 e4+ 44. Kf2 e3+ 45. Kxe3 Rxg3+ 46. Kf2 Rh3 47. Rc6 Ke5 48. Rxb6 Rh2+ 49. Ke3 Rxc2 50. Rb5+ Ke6 51. Kd3 Rc6 52. Rxa5 Rb6 53. Kc4 f5 54. Ra8 Kf7 55. a5 Re6 56. Rd8 f4 57. Rd1 f3 58. b4 Ke7 59. b5 f2 60. Rf1 Rf6 61. a6 Kd6 62. a7 Rf4+ 63. Kb3 Rf8 64. Kb4 Kc7 65. Rxf2 Ra8 66. Kc5 1-0


[Site "https://www.chess.com"]

[Event "Titled Tuesday Blitz October 5 2021"]
[White "Balabayeva, Xeniya"]
[Black "Liyanage, Ranindu Dilshan"]
[WhiteFideId "13719688"]
[BlackFideId "9915834"]
[WhiteElo "1965"]
[BlackElo "1839"]
[Result "0-1"]
[Round "10"]
[TimeControl "180+1"]
[Date "2021.10.05"]
[WhiteClock "0:00:01"]
[BlackClock "0:00:04"]

1. e4 c5 2. Nf3 d6 3. Bb5+ Nd7 4. Ba4 Nf6 5. O-O a6 6. c4 g6 7. Qe2 Bg7 8. Rd1 O-O 9. d4 cxd4 10. Nxd4 Qc7 11. Bc2 Ne5 12. b3 Nc6 13. Bb2 Bg4 14. f3 Bd7 15. Nxc6 Bxc6 16. Nc3 Nh5 17. Qd2 Rfd8 18. Rac1 Be5 19. g3 e6 20. Ba1 b5 21. Bd3 Qb6+ 22. Kg2 bxc4 23. bxc4 Rac8 24. Ne2 f5 25. exf5 exf5 26. Rb1 Qa7 27. c5 Qxc5 28. Rbc1 Qb6 29. Bc4+ Kg7 30. Bxe5+ dxe5 31. Qc3 Re8 32. Rd6 Qc5 33. Rcd1 Re7 34. Qb3 e4 35. fxe4 Bxe4+ 36. Kh3 Qxc4 37. Qb2+ Kf7 38. Rd8 Qe6 39. Rxc8 Qxc8 40. Nf4 Nxf4+ 41. gxf4 Bf3 42. Qb3+ Kg7 43. Qxf3 Qe6 44. Rd3 Qxa2 45. Rb3 Qc2 46. Kg3 Qc5 47. Qd3 Qg1+ 48. Kh3 Qc5 49. Rc3 Qb4 50. Rc4 Qb2 51. Rc3 Qb6 52. Rc4 Qf6 53. Kg3 Qf7 54. Rd4 h6 55. Rd6 g5 56. Qd4+ Kh7 57. fxg5 hxg5 58. Qd3 Kg7 59. Qd4+ Kh7 60. Qd3 Kg8 61. Rd8+ Re8 62. Rd7 f4+ 63. Kf3 Re3+ 64. Qxe3 fxe3+ 65. Rxf7 Kxf7 66. Kxe3 Kg6 67. Ke4 Kh5 68. Kf5 a5 69. Ke4 Kh4 70. Kf5 a4 71. Ke4 a3 0-1


[Site "https://www.chess.com"]

[Event "Titled Tuesday Blitz October 5 2021"]
[White "Baskin, Robert"]
[Black "Hambleton, Aman"]
[WhiteFideId "24662402"]
[BlackFideId "2606577"]
[WhiteElo "2521"]
[BlackElo "2552"]
[Result "1-0"]
[Round "10"]
[TimeControl "180+1"]
[Date "2021.10.05"]
[WhiteClock "0:01:06"]
[BlackClock "0:00:02"]

1. e4 c5 2. Nf3 e6 3. d4 cxd4 4. Nxd4 Nc6 5. Nc3 Qc7 6. Be2 a6 7. O-O Nf6 8. Be3 Bb4 9. Nxc6 bxc6 10. f4 d5 11. e5 Nd7 12. Na4 a5 13. c4 Ba6 14. c5 Bb5 15. Rc1 d4 16. Bxd4 Rd8 17. a3 Bxa4 18. Qxa4 Bd2 19. Rcd1 1-0


[Site "https://www.chess.com"]

[Event "Titled Tuesday Blitz October 5 2021"]
[White "Belenkaya, Dina"]
[Black "Pires, Marcos Vinicius Torsani"]
[WhiteFideId "24142654"]
[BlackFideId "2118939"]
[WhiteElo "2247"]
[BlackElo "2273"]
[Result "0-1"]
[Round "10"]
[TimeControl "180+1"]
[Date "2021.10.05"]
[WhiteClock "0:00:05"]
[BlackClock "0:00:04"]

1. Nf3 c6 2. g3 d5 3. Bg2 Bf5 4. O-O e6 5. d3 Bd6 6. Nbd2 Ne7 7. e4 Bg6 8. Re1 O-O 9. Nb3 Nd7 10. exd5 cxd5 11. c4 a5 12. Nbd4 Nc5 13. Bf1 Rc8 14. Nb5 Bb8 15. Bg5 Re8 16. Rc1 h6 17. Be3 dxc4 18. Bxc5 Rxc5 19. dxc4 Qxd1 20. Rexd1 Bh5 21. Rd3 Bg6 22. Rd2 Rec8 23. Nfd4 e5 24. Nb3 R5c6 25. Rd7 Nf5 26. Rxb7 a4 27. Na5 Ra6 28. b4 axb3 29. Nxb3 Rxa2 30. c5 Rb2 31. Bc4 Nd4 32. N3xd4 exd4 33. c6 Be5 34. c7 Kh7 35. f4 Bxc7 36. Rxc7 Re8 37. Nxd4 Re4 38. Nf3 Re3 39. Ne5 Be4 40. Bf1 Ra3 41. Nxf7 Raa2 42. Ne5 Rxh2 43. Ng4 Rh1# 0-1


[Site "https://www.chess.com"]

[Event "Titled Tuesday Blitz October 5 2021"]
[White "Beulen, Marcel"]
[Black "Sadovsky, Artem"]
[WhiteFideId "1001450"]
[BlackFideId "4155840"]
[WhiteElo "2402"]
[BlackElo "2370"]
[Result "0-1"]
[Round "10"]
[TimeControl "180+1"]
[Date "2021.10.05"]
[WhiteClock "0:00:03"]
[BlackClock "0:00:05"]

1. e4 Nc6 2. Nf3 d6 3. d4 Bg4 4. Be2 Bxf3 5. Bxf3 e5 6. c3 Nf6 7. O-O Be7 8. Re1 O-O 9. Be3 a5 10. Nd2 a4 11. a3 h6 12. Qe2 Re8 13. Rad1 exd4 14. cxd4 Bf8 15. Qd3 Nd7 16. h3 Rb8 17. Qc2 g6 18. Qxa4 Bg7 19. Nf1 b5 20. Qc2 Na5 21. b3 Nb6 22. Nd2 Qd7 23. Rc1 Rbc8 24. Red1 c6 25. Qc3 Nb7 26. Qc2 Qe7 27. g3 c5 28. dxc5 dxc5 29. Bg2 Nd7 30. Qd3 c4 31. bxc4 Ne5 32. Qf1 Qxa3 33. cxb5 Nd3 34. Rxc8 Rxc8 35. Nb1 Qb2 36. Qxd3 Rd8 37. Qf1 Rxd1 38. Qxd1 Qxb5 39. Nd2 Qd3 40. Qc1 Nd6 41. Nf1 Nxe4 42. Qb1 Qxb1 0-1


[Site "https://www.chess.com"]

[Event "Titled Tuesday Blitz October 5 2021"]
[White "Bilan, Danila"]
[Black "Skuhala, Barbara"]
[WhiteFideId "24161918"]
[BlackFideId "14605465"]
[WhiteElo "2164"]
[BlackElo "2121"]
[Result "0-1"]
[Round "10"]
[TimeControl "180+1"]
[Date "2021.10.05"]
[WhiteClock "0:00:03"]
[BlackClock "0:01:01"]

1. d4 d5 2. Nf3 Nf6 3. c4 e6 4. Nc3 c6 5. Bg5 Be7 6. e3 Nbd7 7. cxd5 exd5 8. Bd3 O-O 9. O-O Re8 10. Qc2 h6 11. Bh4 Ne4 12. Bxe7 Qxe7 13. Bxe4 dxe4 14. Nd2 f5 15. Ne2 Nf6 16. Qc5 Qxc5 17. dxc5 Nd5 18. Nc4 b6 19. Nd6 Rd8 20. Nxc8 Raxc8 21. Nd4 f4 22. cxb6 axb6 23. Ne6 Rd6 24. Nxf4 Nxf4 25. exf4 Rd2 26. Rfe1 Rxb2 27. Rxe4 c5 28. g3 c4 29. Ree1 c3 30. Rec1 b5 31. a3 c2 32. Kf1 Rc3 33. Ke2 Rc4 34. Kd2 Kf7 35. f3 Kf6 36. h4 Kf5 37. Ke2 Ke6 38. Kf2 Kd5 39. Ke2 Kd4 40. Kd2 Rc3 41. a4 Rd3+ 42. Ke2 Re3+ 43. Kf2 b4 44. a5 Ra3 45. a6 Rxa1 46. Rxa1 Rb1 47. Rxb1 cxb1=Q 48. a7 Qa2+ 49. Kg1 Qxa7 50. Kg2 Ke3 51. Kh3 Kxf3 0-1


[Site "https://www.chess.com"]

[Event "Titled Tuesday Blitz October 5 2021"]
[White "Bristy, Mukherjee"]
[Black "Seul, Georg"]
[WhiteFideId "25077325"]
[BlackFideId "4601653"]
[WhiteElo "1661"]
[BlackElo "2332"]
[Result "0-1"]
[Round "10"]
[TimeControl "180+1"]
[Date "2021.10.05"]
[WhiteClock "0:01:53"]
[BlackClock "0:01:51"]

1. d4 Nf6 2. Bg5 e6 3. e3 c5 4. c3 Be7 5. Bd3 b6 6. Qf3 Nc6 7. Nd2 Bb7 8. Qh3 cxd4 9. exd4 h6 10. Bxf6 Bxf6 11. f4 Qc7 12. Ne2 O-O-O 13. O-O Kb8 14. Ne4 Be7 15. N4g3 f5 16. Nh1 g5 17. Qe3 gxf4 18. Nxf4 Bg5 19. Ng3 Ne7 20. Qe5 Qxe5 21. dxe5 Bxf4 22. Rxf4 Ng6 23. Rd4 Nxe5 24. Rd1 h5 25. Bb5 h4 26. Ne2 Rhg8 27. Rxh4 Nf3+ 28. Kf2 Nxh4 29. g3 Nf3 30. h4 Ne5 31. Nf4 Kc7 32. Re1 Ng4+ 33. Kg1 e5 34. Nd3 d6 35. Nf4 exf4 0-1


[Site "https://www.chess.com"]

[Event "Titled Tuesday Blitz October 5 2021"]
[White "Chitlange Sakshi"]
[Black "Bodnaruk, Anastasia"]
[WhiteFideId "35002899"]
[BlackFideId "4181751"]
[WhiteElo "1787"]
[BlackElo "2406"]
[Result "0-1"]
[Round "10"]
[TimeControl "180+1"]
[Date "2021.10.05"]
[WhiteClock "0:00:01"]
[BlackClock "0:00:10"]

1. d4 Nf6 2. c4 g6 3. Nc3 Bg7 4. e4 d6 5. Be2 O-O 6. Bg5 Na6 7. Nf3 h6 8. Be3 e5 9. O-O c6 10. d5 Ng4 11. Bc1 f5 12. g3 Nc5 13. Nh4 Kh7 14. exf5 gxf5 15. Nxf5 Nxh2 16. Kxh2 Bxf5 17. Kg2 Qd7 18. Rh1 Ne4 19. Nxe4 Bxe4+ 20. f3 Bg6 21. Bxh6 Bxh6 22. Qd2 Qg7 23. Rh4 Rf6 24. Rah1 Bf5 25. g4 e4 26. g5 Rg8 27. f4 Qf8 28. Kf1 Bh3+ 29. R1xh3 Rxg5 30. Rxh6+ Rxh6 31. Qe3 Rf5 32. Rxh6+ Qxh6 33. Qxe4 Qxf4+ 34. Qxf4 Rxf4+ 35. Ke1 cxd5 36. cxd5 Kg6 37. Bd3+ Kf6 38. Kd2 Ke5 39. Kc3 Kxd5 40. b3 Rf3 41. Kd2 Kd4 0-1


[Site "https://www.chess.com"]

[Event "Titled Tuesday Blitz October 5 2021"]
[White "Cunha, Lucas Aguiar"]
[Black "Avramidou, Anastasia"]
[WhiteFideId "2125404"]
[BlackFideId "4239873"]
[WhiteElo "2361"]
[BlackElo "2183"]
[Result "1-0"]
[Round "10"]
[TimeControl "180+1"]
[Date "2021.10.05"]
[WhiteClock "0:01:00"]
[BlackClock "0:00:14"]

1. e4 e6 2. d4 d5 3. Nd2 Be7 4. Bd3 c5 5. dxc5 Nf6 6. Qe2 O-O 7. Ngf3 Qc7 8. O-O Qxc5 9. a3 Qc7 10. e5 Nfd7 11. b4 Nc6 12. Bb2 f6 13. exf6 Nxf6 14. c4 Bd7 15. Rac1 Rae8 16. b5 Nd8 17. cxd5 Qb8 18. Ne5 exd5 19. Nxd7 Nxd7 20. Qh5 Nf6 21. Bxf6 h6 22. Qxd5+ Nf7 23. Qe4 Ng5 24. Bxg5 Bxg5 25. Qh7+ Kf7 26. Bg6+ Kf6 27. Bxe8 Bxd2 28. Qg6+ Ke7 29. Rcd1 1-0


[Site "https://www.chess.com"]

[Event "Titled Tuesday Blitz October 5 2021"]
[White "Dang, Hoang Son"]
[Black "Dzhaparov, Medet"]
[WhiteFideId "12402435"]
[BlackFideId "13803689"]
[WhiteElo "2248"]
[BlackElo "1702"]
[Result "1-0"]
[Round "10"]
[TimeControl "180+1"]
[Date "2021.10.05"]
[WhiteClock "0:00:11"]
[BlackClock "0:00:03"]

1. d4 Nf6 2. Nc3 d5 3. Bg5 c5 4. e3 Nc6 5. Nf3 e6 6. Bb5 cxd4 7. exd4 Be7 8. O-O O-O 9. a3 Ne4 10. Bxe7 Qxe7 11. Nxe4 dxe4 12. Bxc6 bxc6 13. Nd2 f5 14. Nb3 Ba6 15. Re1 e5 16. dxe5 Rad8 17. Nd4 Bb7 18. b4 Qxe5 19. c3 c5 20. bxc5 Qxc5 21. Ne6 Rxd1 22. Nxc5 Rxa1 23. Rxa1 Bc6 24. Kf1 Rd8 25. Ke1 Rd5 26. Nb3 Rd3 27. Rc1 f4 28. Nd4 Bd5 29. Ne2 g5 30. c4 Bc6 31. Rc3 Rd8 32. g3 f3 33. Nc1 a5 34. Nb3 a4 35. Nd2 Rb8 36. Re3 Re8 37. Kd1 Kf7 38. Kc2 Kf6 39. Nf1 Rd8 40. Rc3 h5 41. Ne3 Ke5 42. c5 Bb5 43. c6 Rc8 44. Rc5+ Kd6 45. Rxb5 Rxc6+ 46. Kd2 1-0


[Site "https://www.chess.com"]

[Event "Titled Tuesday Blitz October 5 2021"]
[White "Demin, Vladimir"]
[Black "Stribuk, Artiom"]
[WhiteFideId "4167457"]
[BlackFideId "13515659"]
[WhiteElo "2517"]
[BlackElo "2224"]
[Result "0-1"]
[Round "10"]
[TimeControl "180+1"]
[Date "2021.10.05"]
[WhiteClock "0:00:50"]
[BlackClock "0:00:32"]

1. e4 c5 2. Nf3 Nc6 3. c3 Nf6 4. e5 Nd5 5. d4 cxd4 6. cxd4 d6 7. Bc4 e6 8. O-O Be7 9. a3 O-O 10. Qe2 Bd7 11. Rd1 Rc8 12. Bd3 Qb6 13. Nc3 Nxc3 14. bxc3 dxe5 15. Nxe5 Nxe5 16. Qxe5 Bf6 17. Qe4 g6 18. Rb1 Bc6 19. Qe2 Qa5 20. Bb2 Rfd8 21. Rbc1 Qd5 22. f3 b5 23. Kh1 a6 24. c4 bxc4 25. Bxc4 Qd6 26. Bxa6 Rb8 27. Bc4 Bd5 28. Bxd5 Qxd5 29. Rc5 Qa2 30. Rc2 h5 31. h3 Qb3 32. Rd3 Qa2 33. Rcd2 Qd5 34. Qe4 Qa2 35. Kh2 Rd5 36. Qe2 Be7 37. Bc1 Bd6+ 38. g3 Qb1 39. Rb2 Qxc1 0-1


[Site "https://www.chess.com"]

[Event "Titled Tuesday Blitz October 5 2021"]
[White "Dudzinski, Pawel"]
[Black "Matamoros Franco, Carlos S."]
[WhiteFideId "1117890"]
[BlackFideId "3600017"]
[WhiteElo "2193"]
[BlackElo "2554"]
[Result "0-1"]
[Round "10"]
[TimeControl "180+1"]
[Date "2021.10.05"]
[WhiteClock "0:00:36"]
[BlackClock "0:00:56"]

1. e4 c5 2. Nf3 Nc6 3. d4 cxd4 4. Nxd4 e5 5. Nb5 d6 6. c4 Be7 7. N1c3 a6 8. Na3 f5 9. f3 Nf6 10. Bd3 f4 11. Nd5 O-O 12. Nxe7+ Qxe7 13. Nc2 Kh8 14. Bd2 Be6 15. Qe2 Rac8 16. O-O g5 17. Nb4 g4 18. Nd5 Qg7 19. Nxf6 Rxf6 20. fxg4 Bxg4 21. Qf2 Rg8 22. Kh1 Rg6 23. Rg1 Qh6 24. g3 Qh5 25. Raf1 Nd4 26. h3 Bf3+ 27. Kh2 Qxh3+ 28. Kxh3 Rh6# 0-1


[Site "https://www.chess.com"]

[Event "Titled Tuesday Blitz October 5 2021"]
[White "Ekdyshman, Mikhail"]
[Black "Hjartarson, Johann"]
[WhiteFideId "4149416"]
[BlackFideId "2300044"]
[WhiteElo "2256"]
[BlackElo "2502"]
[Result "1-0"]
[Round "10"]
[TimeControl "180+1"]
[Date "2021.10.05"]
[WhiteClock "0:00:30"]
[BlackClock "0:01:03"]

1. d4 Nf6 2. c4 g6 3. Nc3 Bg7 4. e4 d6 5. f3 O-O 6. Be3 e5 7. Nge2 c6 8. Qd2 a6 9. O-O-O Nbd7 10. g4 b5 11. h4 exd4 12. Nxd4 c5 13. Nc6 Qe8 14. Qxd6 Bb7 15. g5 Bxc6 16. Qxc6 Ne5 17. Qxe8 Nxe8 18. Bxc5 Nxf3 19. Bxf8 Kxf8 20. cxb5 axb5 21. Bxb5 Nc7 22. Bc4 Ne5 23. Bb3 Na6 24. Rhf1 Nc5 25. Bd5 Rb8 26. Kc2 h6 27. a3 Ke7 28. b4 Ncd7 29. Bxf7 Rc8 30. Bb3 hxg5 31. hxg5 Ng4 32. Rf7+ 1-0


[Site "https://www.chess.com"]

[Event "Titled Tuesday Blitz October 5 2021"]
[White "Erdogmus, Yagiz Kaan"]
[Black "Quintiliano Pinto, Renato R."]
[WhiteFideId "44599790"]
[BlackFideId "2117568"]
[WhiteElo "1783"]
[BlackElo "2439"]
[Result "1-0"]
[Round "10"]
[TimeControl "180+1"]
[Date "2021.10.05"]
[WhiteClock "0:01:45"]
[BlackClock "0:00:27"]

1. c4 e6 2. Nf3 Nf6 3. e3 d5 4. Nc3 b6 5. b3 Bb7 6. Bb2 Bd6 7. Qc2 a6 8. Be2 O-O 9. Rg1 dxc4 10. bxc4 c5 11. g4 Nc6 12. g5 Nd7 13. h4 Nde5 14. Nxe5 Bxe5 15. f4 Nb4 16. Qb1 Bxc3 17. Bxc3 Re8 18. a3 Nc6 19. Bd3 g6 20. Bf6 Qd6 21. h5 e5 22. hxg6 fxg6 23. Bxg6 exf4 24. Bxh7+ Kf8 25. Qg6 1-0


[Site "https://www.chess.com"]

[Event "Titled Tuesday Blitz October 5 2021"]
[White "Estrada Nieto, Julian"]
[Black "Gasanov, Zaur"]
[WhiteFideId "5101018"]
[BlackFideId "34125970"]
[WhiteElo "2270"]
[BlackElo "2099"]
[Result "0-1"]
[Round "10"]
[TimeControl "180+1"]
[Date "2021.10.05"]
[WhiteClock "0:00:09"]
[BlackClock "0:00:18"]

1. e4 c5 2. Nf3 e6 3. c3 d5 4. exd5 Qxd5 5. d4 Nf6 6. Be2 Nc6 7. O-O Be7 8. Be3 cxd4 9. cxd4 O-O 10. Nc3 Qd8 11. Ne5 Nb4 12. Bf3 Nbd5 13. Qb3 Qb6 14. Qxb6 axb6 15. Nxd5 Nxd5 16. Rfc1 Nxe3 17. fxe3 Bg5 18. Kf2 f6 19. Nc4 Bd7 20. Nxb6 Rad8 21. Rc7 Be8 22. Bxb7 e5 23. d5 f5 24. Re1 f4 25. e4 Bh4+ 26. Kf1 Bxe1 27. Kxe1 f3 28. Kf2 fxg2+ 29. Kxg2 Rd6 30. Nc4 Rg6+ 31. Kh3 Rf3+ 32. Kh4 Rf4+ 33. Kh3 Rg1 34. d6 g5 35. Bd5+ Kh8 0-1


[Site "https://www.chess.com"]

[Event "Titled Tuesday Blitz October 5 2021"]
[White "Fier, Alexandr"]
[Black "Khoroshev, Nikita"]
[WhiteFideId "2107139"]
[BlackFideId "14200287"]
[WhiteElo "2569"]
[BlackElo "2376"]
[Result "1-0"]
[Round "10"]
[TimeControl "180+1"]
[Date "2021.10.05"]
[WhiteClock "0:01:23"]
[BlackClock "0:00:03"]

1. e4 e5 2. Nc3 Nf6 3. f4 Bb4 4. fxe5 Bxc3 5. bxc3 Nxe4 6. Nf3 d5 7. c4 d4 8. d3 Nc5 9. Be2 Ne6 10. O-O c5 11. Qe1 O-O 12. Qg3 Nc6 13. h4 f5 14. exf6 Rxf6 15. Bg5 Rg6 16. Qf2 Qf8 17. Rab1 h6 18. Bd2 Nf4 19. Bxf4 Qxf4 20. h5 Rg3 21. Nh2 Qxf2+ 22. Kxf2 Rg5 23. Bf3 Ne5 24. Bxb7 Bxb7 25. Rxb7 Rxh5 26. Kg1 Rg5 27. Rc7 h5 28. Kh1 Ng6 29. Nf3 Rf5 30. Rb1 Raf8 31. Rbb7 R8f7 32. Rxa7 Rxc7 33. Rxc7 h4 34. Kh2 Nf4 35. Nxh4 Rh5 36. Kg3 Ne2+ 37. Kg4 Rh6 38. Nf5 Rg6+ 39. Kf3 Rf6 40. Kg4 Rg6+ 41. Kh5 Nf4+ 42. Kh4 Nxg2+ 43. Kh3 Nf4+ 44. Kh2 Rg5 45. Rxc5 Ne6 46. Rc8+ Kh7 47. Ng3 Nf4 48. Rf8 Ng6 49. Rd8 Nh4 50. Kh3 Nf3 51. Rf8 Ng1+ 52. Kg2 Ne2 53. Rf3 Nc3 54. Kh3 Ra5 55. Nf5 Nxa2 56. Nxd4 Nc3 57. Rf5 Ra1 58. Kg2 Re1 59. c5 Nd1 60. c6 Re7 61. Rc5 Ne3+ 62. Kf2 Nd1+ 63. Kf3 Rf7+ 64. Ke2 Nf2 65. c7 Rxc7 66. Rxc7 1-0


[Site "https://www.chess.com"]

[Event "Titled Tuesday Blitz October 5 2021"]
[White "Gabrielian, Artur"]
[Black "Florescu, Codrut-Constantin"]
[WhiteFideId "4131002"]
[BlackFideId "1202200"]
[WhiteElo "2489"]
[BlackElo "2243"]
[Result "1-0"]
[Round "10"]
[TimeControl "180+1"]
[Date "2021.10.05"]
[WhiteClock "0:01:25"]
[BlackClock "0:00:46"]

1. e4 c5 2. Nf3 e6 3. d4 cxd4 4. Nxd4 Nf6 5. Nc3 d6 6. g4 a6 7. g5 Nfd7 8. h4 b5 9. a3 Bb7 10. Be3 Nc6 11. Rg1 Rc8 12. h5 Nce5 13. Be2 Be7 14. f4 Nc4 15. Bxc4 Rxc4 16. Qe2 Rxc3 17. bxc3 Bxe4 18. g6 hxg6 19. hxg6 Nf6 20. gxf7+ Kxf7 21. Rxg7+ Kxg7 22. Nxe6+ Kg6 23. f5+ Kxf5 24. Nxd8 Rh1+ 25. Kd2 Rxa1 26. Qf2+ Kg6 27. Qg3+ Kh7 28. Ne6 Bg6 29. Ng5+ Kg7 30. Bd4 Rf1 31. Qe3 Bf8 32. Qe6 d5 33. Qxa6 Rf5 34. Ne6+ Kf7 35. Nxf8 Ne4+ 36. Ke1 Bh5 37. Qe6+ 1-0


[Site "https://www.chess.com"]

[Event "Titled Tuesday Blitz October 5 2021"]
[White "Gaehwiler, Gabriel"]
[Black "Nagy, Gabor"]
[WhiteFideId "1314530"]
[BlackFideId "737119"]
[WhiteElo "2320"]
[BlackElo "2534"]
[Result "0-1"]
[Round "10"]
[TimeControl "180+1"]
[Date "2021.10.05"]
[WhiteClock "0:00:34"]
[BlackClock "0:02:06"]

1. d4 Nf6 2. Nf3 g6 3. g3 Bg7 4. c4 O-O 5. Bg2 d6 6. O-O Nbd7 7. b3 e5 8. Bb2 e4 9. Nfd2 e3 10. fxe3 Ng4 11. Rf3 Re8 12. Nf1 f5 13. Nc3 Ndf6 14. Qc2 Bd7 15. Rd1 Bc6 16. d5 Bd7 17. h3 Ne5 18. Rf2 Qe7 19. Nb1 h5 20. Nbd2 h4 21. e4 Nh5 22. exf5 hxg3 23. Nxg3 Nxg3 24. f6 Bxf6 25. c5 Bg7 26. e4 Rf8 0-1


[Site "https://www.chess.com"]

[Event "Titled Tuesday Blitz October 5 2021"]
[White "Gallo Garcia, Kemel Antonio"]
[Black "Diakonova, Ekaterina"]
[WhiteFideId "3523896"]
[BlackFideId "24172936"]
[WhiteElo "2512"]
[BlackElo "2069"]
[Result "1-0"]
[Round "10"]
[TimeControl "180+1"]
[Date "2021.10.05"]
[WhiteClock "0:00:31"]
[BlackClock "0:01:44"]

1. e4 d6 2. d4 Nf6 3. Nc3 g6 4. f4 Bg7 5. Nf3 O-O 6. a3 c5 7. dxc5 dxc5 8. Qxd8 Rxd8 9. e5 Nd5 10. Nxd5 Rxd5 11. Bc4 Rd8 12. Be3 b6 13. Kf2 Nc6 14. Rad1 Bb7 15. c3 e6 16. b4 cxb4 17. cxb4 Ne7 18. Be2 Nd5 19. h4 Nc3 20. Rxd8+ Rxd8 21. Rc1 Nxe2 22. Kxe2 Rc8 23. Rxc8+ Bxc8 24. g4 Bf8 25. Nd2 a5 26. Bxb6 axb4 27. axb4 Bxb4 28. Ne4 Ba6+ 29. Kf2 Be7 30. Kg3 Bd3 31. Nd2 Be2 32. Nb3 Bd1 33. Nd4 h5 34. g5 Bb4 35. Nc6 Be1+ 36. Bf2 Bc3 37. Bd4 Bd2 38. Nb8 Ba4 39. Na6 Bb5 40. Nc5 Bc4 41. Ne4 Bd3 42. Nxd2 Bc2 43. Kf2 Bd3 44. Ke3 Bb5 45. Bc5 Ba4 46. Be7 Be8 47. Bf6 Bb5 48. Kd4 Ba4 49. Kc5 Bc2 50. Kd6 Bd3 51. Nb3 Bc4 52. Nc5 Bb5 53. Nb7 Ba6 54. Nd8 Bb5 55. Ke7 Kh7 56. Nxf7 Bc4 57. Nd8 Bd5 58. Nxe6 Bxe6 59. Kxe6 1-0


[Site "https://www.chess.com"]

[Event "Titled Tuesday Blitz October 5 2021"]
[White "Gimenez Aguirre, Alejo Ismael"]
[Black "Nilsen, Tobias Lang"]
[WhiteFideId "32041667"]
[BlackFideId "1521624"]
[WhiteElo "2031"]
[BlackElo "1975"]
[Result "1-0"]
[Round "10"]
[TimeControl "180+1"]
[Date "2021.10.05"]
[WhiteClock "0:00:53"]
[BlackClock "0:00:48"]

1. e4 e6 2. d4 d5 3. Nd2 c5 4. Ngf3 Nc6 5. Bb5 cxd4 6. Nxd4 Bd7 7. Nxc6 bxc6 8. Bd3 Bd6 9. O-O Qc8 10. f4 Ne7 11. Nf3 Qc7 12. e5 Bc5+ 13. Kh1 h5 14. c4 Nf5 15. Ng5 h4 16. Bxf5 exf5 17. b3 O-O-O 18. cxd5 cxd5 19. b4 Bb6 20. a4 a6 21. Qd3 Kb7 22. Bd2 d4 23. Rfc1 Qb8 24. Nxf7 h3 25. Qf3+ Ka7 26. Nxd8 Qxd8 27. a5 Bc7 28. Qd5 Bc8 29. Qc5+ Kb8 30. b5 hxg2+ 31. Kg1 axb5 32. Qxb5+ Ka8 33. Qc6+ Kb8 34. a6 Bb6 35. a7+ Bxa7 36. Rcb1+ Bb6 37. Rxb6+ Qxb6 38. Ra8# 1-0


[Site "https://www.chess.com"]

[Event "Titled Tuesday Blitz October 5 2021"]
[White "Girinath, P.D.S."]
[Black "Horobetz, Graham"]
[WhiteFideId "5000572"]
[BlackFideId "2047322"]
[WhiteElo "2333"]
[BlackElo "2625"]
[Result "0-1"]
[Round "10"]
[TimeControl "180+1"]
[Date "2021.10.05"]
[WhiteClock "0:00:01"]
[BlackClock "0:01:14"]

1. e4 c5 2. Nf3 d6 3. Bb5+ Nd7 4. O-O a6 5. Bxd7+ Bxd7 6. d4 cxd4 7. Qxd4 Nf6 8. Bg5 e6 9. c4 b5 10. Rd1 Rc8 11. cxb5 axb5 12. e5 dxe5 13. Nxe5 Be7 14. Nxd7 Nxd7 15. Qxg7 Bf6 16. Bxf6 Qxf6 17. Qxf6 Nxf6 18. Nc3 b4 19. Nb5 Ke7 20. Rac1 Nd5 21. Nd4 Ra8 22. Rc4 Rhc8 23. Rxc8 Rxc8 24. g3 Ra8 25. a3 bxa3 26. bxa3 Rxa3 27. Kg2 Ra2 28. Kf3 h5 29. h4 Kf6 30. Rc1 Ra3+ 31. Kg2 Ra4 32. Nf3 Ra2 33. Kg1 Nb4 34. Ng5 Kg6 35. Rc3 Nd5 36. Rf3 Ra1+ 37. Kg2 Ra7 38. Ne4 Rc7 39. Ng5 Re7 40. Nh3 e5 41. Rd3 Rd7 0-1


[Site "https://www.chess.com"]

[Event "Titled Tuesday Blitz October 5 2021"]
[White "Golubev, Mikhail"]
[Black "Seletsky, Grigory"]
[WhiteFideId "14100983"]
[BlackFideId "14112191"]
[WhiteElo "2374"]
[BlackElo "2492"]
[Result "1-0"]
[Round "10"]
[TimeControl "180+1"]
[Date "2021.10.05"]
[WhiteClock "0:00:17"]
[BlackClock "0:00:05"]

1. e4 e6 2. d4 d5 3. Nc3 Nc6 4. Nf3 Nf6 5. e5 Ne4 6. Bd3 Bb4 7. O-O Nxc3 8. bxc3 Bxc3 9. Rb1 h6 10. Ba3 a5 11. Rb3 Bb4 12. Bc1 b6 13. a3 Be7 14. Qe2 Bb7 15. Bb5 O-O 16. Bf4 Na7 17. Bd3 a4 18. Rc3 c5 19. dxc5 bxc5 20. Rb1 Rb8 21. h4 d4 22. Rxb7 Rxb7 23. Qe4 Rb1+ 24. Kh2 g6 25. Bxh6 dxc3 26. Qg4 Qxd3 27. cxd3 c2 28. h5 Kh7 29. hxg6+ fxg6 30. Qh3 Rxf3 31. gxf3 g5 32. Bxg5+ Kg6 33. Qh6+ Kf5 34. Be3 Nc6 35. Qh5+ Bg5 36. Qxg5# 1-0


[Site "https://www.chess.com"]

[Event "Titled Tuesday Blitz October 5 2021"]
[White "Gontcharov, Vladislav"]
[Black "Yaksin, Oleg"]
[WhiteFideId "4123492"]
[BlackFideId "24105880"]
[WhiteElo "2503"]
[BlackElo "2256"]
[Result "0-1"]
[Round "10"]
[TimeControl "180+1"]
[Date "2021.10.05"]
[WhiteClock "0:00:01"]
[BlackClock "0:00:09"]

1. e4 c5 2. Nf3 d6 3. d4 cxd4 4. Qxd4 a6 5. c4 Nc6 6. Qe3 g6 7. h3 Bg7 8. Nc3 Nf6 9. Be2 O-O 10. O-O Be6 11. Rd1 Qa5 12. Bd2 Rfc8 13. Nd5 Qd8 14. Nb6 Nxe4 15. Nxa8 Nxd2 16. Nb6 Nxf3+ 17. Bxf3 Rb8 18. Bd5 Nd4 19. Rxd4 Qxb6 20. Rd2 Qxe3 21. fxe3 Bd7 22. Kf2 b6 23. Rad1 a5 24. b3 Rc8 25. Bf3 Kf8 26. Bg4 f5 27. Bf3 h5 28. e4 h4 29. Rd3 Be5 30. Ke2 Kf7 31. Ke3 Kf6 32. exf5 gxf5 33. Rf1 Rg8 34. Ke2 Rg5 35. Bb7 e6 36. Bf3 Ke7 37. Rfd1 Be8 38. Kf2 Rg3 39. R1d2 Bf4 40. Re2 e5 41. Rd1 e4 42. Bxe4 fxe4 43. Rxe4+ Be5 44. Re3 Rg5 45. Kf1 Bc6 46. Re2 Ke6 47. a3 Rf5+ 48. Kg1 Rf4 49. Rc1 a4 50. bxa4 Bxa4 51. Kh1 Bc6 52. Rd2 Re4 53. Rf2 Re3 54. Rd1 Rxh3+ 55. Kg1 Rxa3 56. Rf8 Rc3 57. Rg8 Rxc4 58. Rg6+ Kf7 59. Rh6 Be4 60. Rxh4 Ke6 61. Re1 d5 62. Rh6+ Kd7 63. Rd1 Bd4+ 64. Kf1 Bc5 65. Rh7+ Kc6 66. Rh3 b5 67. Rg3 b4 68. Rg6+ Kb5 69. Rg8 Rc3 70. g4 b3 71. Rb8+ Kc4 72. g5 Rg3 73. Rc1+ Bc2 74. g6 Rxg6 75. Ke2 Rg2+ 76. Kf3 Rd2 77. Rb7 Rd3+ 78. Ke2 Rc3 0-1


[Site "https://www.chess.com"]